 Dungeon Crawl Stone Soup version 0.30-a0-808-g6e0788376e (webtiles) character file.

Game seed: 285809896605409414

9202 cforsyth the Covert (level 11, -11/64 HPs)
             Began as a Kobold Brigand on Feb 25, 2023.
             Was a Follower of Hepliaklqana.
             Mangled by a two-headed ogre
             ... wielding a +0 giant club
              (18 damage)
             ... on level 10 of the Dungeon on Feb 26, 2023.
             The game lasted 00:25:01 (13652 turns).

cforsyth the Covert (Kobold Brigand)               Turns: 13652, Time: 00:25:02

Health: -11/64     AC:  4    Str:  8    XL:     11   Next: 70%
Magic:  11/11      EV: 27    Int: 14    God:    Hepliaklqana [*.....]
Gold:   692        SH:  0    Dex: 20    Spells: 10/10 levels left

rFire   . . .      SeeInvis +    b - +3 short sword (speed)
rCold   . . .      Faith    .    (no shield)
rNeg    . . .      Spirit   .    H - +1 robe {Will+}
rPois   .          Reflect  .    (no helmet)
rElec   .          Harm     .    c - +0 cloak
rCorr   .          Rampage  .    (no gloves)
Will    +....                    (no boots)
Stlth   +++++++                  g - amulet of the acrobat
HPRegen 0.30/turn                h - ring of see invisible
MPRegen 0.12/turn                n - +5 ring of evasion

@: no status effects
A: reduced essence, small, no large weapons, nightstalker 3
a: Renounce Religion, Recall Ancestor, Ancestor Identity


You were on level 10 of the Dungeon.
You worshipped Hepliaklqana.
Hepliaklqana was aware of your devotion.
You visited 2 branches of the dungeon, and saw 11 of its levels.
You also visited: Ossuary and Bailey.

You collected 692 gold pieces.

Inventory:

Hand Weapons
 a - a +3 vampiric dagger
 b - a +3 short sword of speed (weapon)
 y - a +2 falchion of holy wrath
Missiles
 d - 25 poisoned darts (quivered)
 e - 3 curare-tipped darts
Armour
 c - a +0 cloak (worn)
 H - a +1 robe of willpower (worn)
Jewellery
 g - an amulet of the acrobat (around neck)
 h - a ring of see invisible (left hand)
 i - a +5 ring of evasion
 n - a +5 ring of evasion (right hand)
 E - a ring of protection from cold
Wands
 r - a wand of charming (12)
 v - a wand of quicksilver (3)
 D - a wand of flame (19)
Scrolls
 k - a scroll of magic mapping
 l - 3 scrolls of immolation
 m - 2 scrolls of enchant weapon
 s - a scroll of enchant armour {unknown}
 x - a scroll of brand weapon
 A - 2 scrolls of blinking
 G - a scroll of fog
Potions
 f - 4 potions of mutation
 j - 2 potions of might
 o - 7 potions of flight
 p - a potion of lignification
 q - 3 potions of curing
 t - 4 potions of haste
 u - 2 potions of invisibility
 w - a potion of heal wounds
 z - a potion of brilliance
 B - a potion of magic {unknown}
 C - a potion of experience
 F - a potion of attraction {unknown}


   Skills:
 + Level 9.9 Fighting
 + Level 11.7 Short Blades
 - Level 2.1 Throwing
 + Level 10.6 Dodging
 + Level 13.4 Stealth


You had 10 spell levels left.
You didn't know any spells.
Your spell library contained the following spells:

 Spells                   Type           Power      Damage    Failure   Level
 Necrotise                Necr           0%         1d4       28%         1
 Portal Projectile        Hex/Tloc       0%         N/A       65%         3
 Summon Guardian Golem    Hex/Summ       0%         N/A       65%         3
 Tukima's Dance           Hex            0%         N/A       65%         3
 Vampiric Draining        Necr           0%         2d6       65%         3
 Vhi's Electric Charge    Tloc/Air       0%         N/A       65%         3
 Agony                    Necr           0%         N/A       100%        5
 Arcjolt                  Conj/Air       0%         1d10      100%        5
 Blade Hands              Tmut           0%         N/A       100%        5
 Orb of Destruction       Conj           0%         9d5       100%        7
 Spellforged Servitor     Conj/Summ      0%         N/A       100%        7
 Maxwell's Capacitive Co  Air            0%         ∞         100%        8


Dungeon Overview and Level Annotations

Branches:
Dungeon (10/15)            Temple (1/1) D:7            Lair (0/5) D:8
Ossuary (visited)          Bailey (visited)
    Orc: D:9-12

Altars:
Ashenzari
Cheibriados
Dithmenos
Elyvilon
Fedhas
Gozag
Hepliaklqana
Kikubaaqudgha
Makhleb
Nemelex Xobeh
Okawaru
Qazlal
Ru
Sif Muna
Trog
Uskayaw
Vehumet
Wu Jian
Xom
Yredelemnul
Zin
The Shining One
Jiyva

Annotations:
D:2 1 runed translucent door, Crazy Yiuf
D:7 1 transporter, tarna41's ghost, novice SpCj


Innate Abilities, Weirdness & Mutations

Your life essence is reduced to manifest your ancestor. (-10% HP)
You are small and have problems with some larger weapons.
You are completely attuned to the shadows.


Message History

Things that are here:
a +0 flail; a +0 trident The gnoll sergeant attacks as you move away!
The gnoll sergeant misses you. The troll attacks as you move away!
The troll completely misses you. x3
You feel very sick.
The gnoll hits Leofric with a +0 club.
The gnoll sergeant completely misses you.
Something bites Leofric!
Something claws Leofric! x2
You feel very sick.
Leofric hits the gnoll sergeant.
The gnoll hits Leofric with a +0 club!
Leofric is destroyed!
There is an open door here.
You feel sick.
You feel sick.
Things that are here:
a +0 short sword; a +0 scale mail You feel sick.
Things that are here:
a +0 dire flail; a +0 chain mail; an orc corpse You feel sick.
You feel sick.
You feel sick.
You feel sick.
You feel sick.
You are no longer poisoned.
There is a stone staircase leading down here.
The gnoll sergeant closely misses you.
You climb downwards.
There is a stone staircase leading up here.
You catch the helpless two-headed ogre completely off-guard!
You stick the two-headed ogre like a pincushion!!!
The two-headed ogre is severely wounded.
You hit the two-headed ogre.
The two-headed ogre is severely wounded.
You hit the two-headed ogre.
The two-headed ogre is almost dead.
The two-headed ogre completely misses you.
The two-headed ogre hits you with a +0 giant spiked club!!
You die...

..#......
..#......
.'......
#......
#.@O...
...######
.. .


You could see a two-headed ogre.

Vanquished Creatures
  A two-headed ogre (D:8)
  Pikel (D:8)
  Joseph (D:7)
  A hornet (D:8)
  13 yaks
  2 wyverns (D:8)
  Grum (D:7)
  5 water moccasins
  An ice beast (D:6)
  A sky beast (D:7)
  4 black bears
  7 orc warriors
  An ogre (D:5)
  2 wolves (D:7)
  2 centaurs
  A phantom (D:4)
  4 bullfrogs
  A scorpion (D:5)
  2 gnoll sergeants (D:9)
  4 necrophages
  12 wights
  5 killer bees (D:9)
  A howler monkey (D:7)
  6 hounds
  3 orc priests
  3 jellies
  3 iguanas
  Jessica (D:2)
  6 orc wizards
  8 mummies (Ossuary)
  19 gnolls
  6 adders
  A shadow imp (D:6)
  A white imp (D:5)
  3 ufetubi
  2 worms
  3 dart slugs
  22 orcs
  9 ball pythons
  4 bats
  9 endoplasms
  6 giant cockroaches
  3 gnoll zombies (Ossuary)
  10 goblins
  17 hobgoblins
  6 jackals
  4 quokkas
  4 frilled lizards
  A hobgoblin zombie (Ossuary)
  17 kobolds
  2 kobold zombies (Ossuary)
  2 orc zombies (Ossuary)
  6 rats
260 creatures vanquished.

Vanquished Creatures (collateral kills)
  A hornet (D:9)
  A yak (D:9)
  A wolf (D:8)
  A bullfrog (D:8)
  A gnoll bouda (D:8)
  A gnoll (D:9)
  An orc (D:8)
7 creatures vanquished.

Vanquished Creatures (others)
  6 ancestors
  62 fungi
  50 plants (D:8)
118 creatures vanquished.

Grand Total: 385 creatures vanquished

Notes
Turn   | Place    | Note
-------+----------+-------------------------------------------
     0 | D:1      | cforsyth the Kobold Brigand began the quest for the Orb.
     0 | D:1      | Reached XP level 1. HP: 12/12 MP: 1/1
   106 | D:1      | Reached XP level 2. HP: 18/18 MP: 2/2
   352 | D:1      | Reached XP level 3. HP: 22/22 MP: 3/3
  1064 | D:2      | Found a runed translucent door.
  1067 | D:2      | Noticed Crazy Yiuf
  1129 | D:2      | Found a shimmering blue altar of Sif Muna.
  1232 | D:2      | Noticed Jessica
  1235 | D:2      | Reached XP level 4. HP: 27/27 MP: 4/4
  1237 | D:2      | Killed Jessica
  1238 | D:2      | Reached skill level 6 in Stealth
  1596 | D:3      | Noticed a black bear
  1600 | D:3      | Killed a black bear
  1601 | D:3      | Reached XP level 5. HP: 32/32 MP: 5/5
  1774 | D:3      | Found a blossoming altar of Fedhas.
  1775 | D:3      | Found a glowing golden altar of the Shining One.
  1789 | D:3      | Reached XP level 6. HP: 37/37 MP: 6/6
  1809 | D:3      | Found a sacrificial altar of Ru.
  1809 | D:3      | Found a snail-covered altar of Cheibriados.
  1809 | D:3      | Found a glowing silver altar of Zin.
  1812 | D:3      | Found a white marble altar of Elyvilon.
  1812 | D:3      | Found a stormy altar of Qazlal.
  1813 | D:3      | Found a hide-covered altar of Uskayaw.
  2313 | D:4      | Found a shimmering altar of Xom.
  2598 | D:4      | Reached skill level 7 in Stealth
  2601 | D:4      | Reached skill level 5 in Short Blades
  2601 | D:4      | Reached XP level 7. HP: 43/43 MP: 7/7
  2887 | D:4      | Found an ancient bone altar of Kikubaaqudgha.
  2907 | D:4      | Found an opulent altar of Gozag.
  3272 | D:5      | Entered Level 5 of the Dungeon
  3326 | D:5      | Found a sand-covered staircase.
  3346 | Ossuary  | Entered an ossuary
  3831 | Ossuary  | Reached skill level 8 in Stealth
  3831 | Ossuary  | Reached XP level 8. HP: 48/48 MP: 8/8
  4010 | D:5      | Reached skill level 5 in Fighting
  4010 | D:5      | Reached skill level 5 in Dodging
  5265 | D:6      | Reached skill level 9 in Stealth
  5925 | D:6      | Reached XP level 9. HP: 55/55 MP: 9/9
  6165 | D:7      | Found a flagged portal.
  6179 | Bailey   | Entered a bailey
  6213 | Bailey   | Noticed an orc warlord
  6616 | Bailey   | Found a runed translucent gate.
  6616 | Bailey   | Found a runed translucent gate.
  6617 | Bailey   | Found a runed translucent gate.
  6770 | Bailey   | HP: 2/56 [orc warlord/+6 broad axe (27)]
  7095 | D:7      | Found a staircase to the Ecumenical Temple.
  7118 | Temple   | Entered the Ecumenical Temple
  7283 | Temple   | Became a worshipper of Hepliaklqana the Forgotten
  7572 | Temple   | Reached skill level 10 in Stealth
  8386 | D:7      | Noticed tarna41's ghost (novice SpCj)
  8398 | D:7      | Identified the +4 great mace of the Dove {drain, rF+ Dex+3}
  8398 | D:7      | Noticed a two-headed ogre
  8527 | D:7      | Found a transporter.
  9370 | D:7      | Reached XP level 10. HP: 62/63 MP: 10/10
  9485 | D:8      | Reached skill level 11 in Stealth
  9951 | D:8      | Reached skill level 10 in Short Blades
  9958 | D:8      | Found a staircase to the Lair.
 10009 | D:8      | Noticed a two-headed ogre
 10022 | D:8      | Reached * piety under Hepliaklqana
 10128 | D:8      | Identified the +6 battleaxe of Pideamp {heavy, rN++}
 10146 | D:8      | Noticed Joseph
 10513 | D:8      | Killed a two-headed ogre
 10514 | D:8      | Reached skill level 12 in Stealth
 10686 | D:8      | Reached XP level 11. HP: 38/62 MP: 11/11
 10702 | D:8      | Noticed Grum
 11382 | D:7      | Killed Grum
 11523 | D:7      | Killed Joseph
 11996 | D:9      | Noticed Pikel
 12010 | D:8      | Killed Pikel
 12011 | D:8      | Reached skill level 10 in Dodging
 12230 | D:9      | Paralysed by a hornet for 2 turns
 12248 | D:9      | HP: 1/63 [hornet (5)]
 12248 | D:9      | Paralysed by a hornet for 1 turns
 12354 | D:9      | Reached skill level 13 in Stealth
 12417 | D:8      | HP: 3/63 [wyvern (15)]
 13146 | D:10     | Entered Level 10 of the Dungeon
 13649 | D:10     | Noticed a two-headed ogre
 13652 | D:10     | Mangled by a two-headed ogre

Illustrated notes

Levels and vault maps discovered:
D:1:      pf_arrival_petrified_forest, layout_rooms
D:2:      layout_rooms, basic_altar, uniq_crazy_yiuf_cottage, uniq_jessica
D:3:      minmay_chambers_of_twos, layout_basic, grunt_temple_overflow_open,
          nicolae_concentric_dashed_squares_wild
D:4:      dreamdust_elfheim, layout_basic, mainiacjoe_overflow_big_doors,
          lemuel_round_altar, minivault_5
D:5:      layout_rooms, serial_aquarium, aquarium_bridge_straight
          [aquarium_subvault_bridge, aquarium_subvault_window,
          aquarium_subvault_bridge, aquarium_subvault_wall],
          aquarium_bridge_square [aquarium_subvault_window,
          aquarium_subvault_bridge, aquarium_subvault_wall,
          aquarium_subvault_window], aquarium_window_1, aquarium_window_fake,
          aquarium_window_fake, aquarium_view_2c, aquarium_pool_split,
          nicolae_ossuary_entry_ruins
D:6:      layout_layer_cave
D:7:      layout_loops_ring, minmay_temple_entry_large_hall,
          gammafunk_ghost_smash, enter_bailey_7
D:8:      corexii_shack_village, layout_rooms, due_lair_maze_entry_diamond,
          minivault_26, uniq_grum, uniq_joseph
D:9:      layout_roguey, uniq_pikel, uniq_maurice
D:10:     hellmonk_paralyzer, layout_gridville, uniq_erica, uniq_sonja,
          uniq_psyche
Temple:   pf_slime_end_temple

Skill      XL: |  1  2  3  4  5  6  7  8  9 10 11 |
---------------+----------------------------------+-----
Short Blades   | 3 4 5 7 8 10 11 | 11.7
Dodging        | 2 3 4 6 7 9 10 | 10.6
Fighting       | 3 4 6 7 8 9 |  9.9
Stealth        | 6 7 8 9 10 12 13 | 13.4
Throwing       | |  2.1

Action                     |  1- 3 |  4- 6 |  7- 9 | 10-12 || total
---------------------------+-------+-------+-------+-------++-------
  Melee: Dagger            |    94 |   121 |   529 |   272 ||  1016
         Punch             |       |     2 |     4 |    10 ||    16
         Short sword       |       |       |       |   307 ||   307
 Invoke: Recall Ancestor   |       |       |       |     2 ||     2
    Use: Scroll            |       |     3 |    22 |     2 ||    27
         Potion            |       |       |     3 |     6 ||     9
   Stab: Sleeping          |    21 |    23 |    31 |    27 ||   102
         Distracted        |       |     1 |    11 |     7 ||    19
         Fleeing           |       |       |     1 |       ||     1
         Invisible         |       |       |     1 |       ||     1
 Armour: Robe              |    11 |    11 |       |     4 ||    26
         Leather armour    |       |     5 |    26 |     8 ||    39
  Dodge: Dodged            |    55 |   104 |   388 |   413 ||   960

Table legend: (Time is in decaauts)
 A = Elapsed time spent in this place.
 B = Non-inter-level travel time spent in this place.
 C = Inter-level travel time spent in this place.
 D = Time resting spent in this place.
 E = Time spent auto-exploring this place.
 F = Levels seen in this place.
 G = Mean time per level.
                   A        B        C        D        E       F      G
               +--------+--------+--------+--------+--------+-----+--------+
         Total |  13138 |  12899 |    239 |   3930 |   6448 |  13 | 1010.6 |
       Dungeon |  11211 |  10985 |    226 |   3015 |   5959 |  10 | 1121.1 |
        Temple |    434 |    421 |     13 |    212 |    171 |   1 |  434.0 |
       Ossuary |    603 |    603 |      0 |    262 |    107 |   1 |  603.0 |
        Bailey |    889 |    889 |      0 |    441 |    211 |   1 |  889.0 |
               +--------+--------+--------+--------+--------+-----+--------+

Top non-repeatable levels by time:
     D:6: 2193 daAuts
     D:7: 2065 daAuts
     D:8: 1792 daAuts
     D:4: 1264 daAuts
     D:1: 906 daAuts
  Bailey: 889 daAuts
     D:5: 853 daAuts
     D:9: 668 daAuts
     D:3: 604 daAuts
 Ossuary: 603 daAuts
     D:2: 595 daAuts
  Temple: 434 daAuts
    D:10: 268 daAuts
